 Dungeon Crawl Stone Soup version 0.18-b1-10-g3f7de93 (webtiles) character file.

114 dobroeutro the Cudgeler (level 4, -2/28 HPs)
             Began as a Gargoyle Fighter on Apr 29, 2016.
             Slain by Chiseanne's ghost (3 damage)
             ... on level 3 of the Dungeon.
             The game lasted 00:02:52 (2156 turns).

dobroeutro the Cudgeler (Gargoyle Fighter)          Turns: 2156, Time: 00:02:53

Health: -2/28      AC: 10    Str: 20    XL:     4   Next: 97%
Magic:  4/4        EV:  7    Int:  9    God:
Gold:   76         SH:  9    Dex:  9    Spells: 0 memorised, 3 levels left

rFire  . . .     SeeInvis .     a - +0 flail
rCold  . . .     Gourm    .     b - +0 scale mail
rNeg   + . .     Faith    .     c - +0 shield
rPois  ∞         Spirit   .     (no helmet)
rElec  +         Dismiss  .     (no cloak)
rCorr  .         Reflect  .     (no gloves)
SustAt .         Harm     .     (no boots)
MR     .....                    (no amulet)
Stlth  ..........               (no ring)
                                (no ring)

@: not resistant to hostile enchantments, extremely unstealthy
A: negative energy resistance 1, electricity resistance, unbreathing,
petrification resistance, rot immunity, AC +3
a: no special abilities


You were on level 3 of the Dungeon.
You were not hungry.

You visited 1 branch of the dungeon, and saw 3 of its levels.

You collected 76 gold pieces.

Inventory:

Hand Weapons
 a - a +0 flail (weapon)
Armour
 b - a +0 scale mail (worn)
 c - a +0 shield (worn)
Wands
 q - a wand of lightning (14/15)
Scrolls
 e - a scroll of recharging
 i - 3 scrolls of identify
 j - 3 scrolls of remove curse
 k - a scroll of teleportation {unknown}
 p - 3 scrolls of amnesia {unknown}
 s - a scroll of noise {unknown}
Potions
 d - a potion of might
 g - a potion of lignification {unknown}
 h - 2 potions of resistance
 l - 2 potions of curing {unknown}
 n - a potion of brilliance {unknown}
 o - a potion of heal wounds {unknown}
 r - a potion of beneficial mutation {unknown}
 t - a potion of cure mutation {unknown}
Comestibles
 f - 2 bread rations
 m - a royal jelly


   Skills:
 - Level 3.2 Fighting
 + Level 5.0 Maces & Flails
 - Level 3.2 Armour
 - Level 3.2 Shields


You had 3 spell levels left.
You didn't know any spells.

Dungeon Overview and Level Annotations

Branches:
Dungeon (3/15)

Altars:
Xom

Annotations:
D:3 Chiseanne's ghost, amateur TrMo


Innate Abilities, Weirdness & Mutations

You are resistant to torment.
Your stone body is resilient (AC +3).
You are immune to poison.
You resist negative energy.
You are resistant to electric shocks.
You can survive without breathing.
You are immune to petrification.
You are immune to rotting.


Message History

You are too injured to fight recklessly!
You are too injured to fight recklessly!
You sock the goblin!
You kill the goblin!
Your Maces & Flails skill increases to level 5!
You block Chiseanne's ghost's attack.
Chiseanne's ghost shouts, "There is no future for me!"
You see here a dagger of holy wrath.
A quokka comes into view.
Chiseanne's ghost hits you!
* * * LOW HITPOINT WARNING * * *
Found 16 sling bullets.
A quokka comes into view.
You block the quokka's attack.
Your shield and scale mail prevent you from hitting the quokka.
You block the quokka's attack.
Chiseanne's ghost hits you but does no damage.
The quokka bites you but does no damage.
You closely miss the quokka. Chiseanne's ghost hits you.
You die...

##.## ##...##
#.....#
####...#####
............######
######.###.#.....#
#.# ##.####.# #'#
### #W# ... #@#
... #r# ... .r.
#...# .....
##..(## #..## #.##


You could see Chiseanne's ghost and 2 quokkas.

Vanquished Creatures
  A scorpion (D:3)
  An adder (D:2)
  A worm (D:2)
  A dart slug (D:2)
  2 giant geckos
  5 giant cockroaches (D:1)
  8 goblins
  3 hobgoblins
  6 jackals (D:2)
  A quokka (D:2)
  3 bats (D:2)
  3 giant newts
  2 kobolds
  7 rats
44 creatures vanquished.

Notes
Turn   | Place    | Note
--------------------------------------------------------------
     0 | D:1      | dobroeutro the Gargoyle Fighter began the quest for the Orb.
     0 | D:1      | Reached XP level 1. HP: 14/14 MP: 1/1
   183 | D:1      | Reached XP level 2. HP: 19/19 MP: 2/2
   331 | D:1      | Reached skill level 3 in Maces & Flails
   951 | D:2      | Reached XP level 3. HP: 20/23 MP: 3/3
  1491 | D:2      | Reached skill level 4 in Maces & Flails
  1591 | D:2      | Reached XP level 4. HP: 23/28 MP: 4/4
  1728 | D:3      | Found a shimmering altar of Xom.
  1789 | D:3      | HP: 1/28 [scorpion (6)]
  2120 | D:3      | Noticed Chiseanne's ghost (amateur TrMo)
  2137 | D:3      | Reached skill level 5 in Maces & Flails
  2152 | D:3      | HP: 1/28 [Chiseanne's ghost (7)]
  2156 | D:3      | Slain by Chiseanne's ghost

Skill      XL: |  1  2  3  4 |
---------------+-------------+-----
Maces & Flails | 3 4 5 |  5.0
Fighting       | |  3.2
Armour         | |  3.2
Shields        | |  3.2

Action                   |  1- 3 |  4- 6 || total
-------------------------+-------+-------++-------
Melee: Flail             |   185 |    56 ||   241
  Use: Scroll            |     3 |       ||     3
  Eat: Bread ration      |     1 |       ||     1
Armor: Scale mail        |    93 |    34 ||   127
Dodge: Dodged            |    56 |    12 ||    68
Block: Shield            |    87 |    37 ||   124
